 Dungeon Crawl Stone Soup version 0.22-a0-322-g60b3cfd (webtiles) character file.

1595 Cattac the Cutter (level 8, -1/73 HPs)
             Began as a Hill Orc Fighter on Apr 4, 2018.
             Was a Follower of Trog.
             Slain by a shadow imp (5 damage)
             ... on level 5 of the Dungeon on Apr 5, 2018.
             The game lasted 00:28:16 (4495 turns).

Cattac the Cutter (Hill Orc Fighter)                Turns: 4495, Time: 00:28:16

Health: -1/73      AC:  7    Str: 26    XL:     8   Next: 93%
Magic:  8/8        EV:  7    Int:  8    God:    Trog [*.....]
Gold:   105        SH: 10    Dex: 12    Spells: 7/7 levels left

rFire    . . .     SeeInvis .   d - +0 rapier
rCold    + . .     Gourm    .   c - +0 shield
rNeg     . . .     Faith    .   b - +0 scale mail
rPois    .         Spirit   .   (helmet restricted)
rElec    +         Reflect  .   (no cloak)
rCorr    +         Harm     .   (no gloves)
MR       .....                  (no boots)
Stlth    ..........             (no amulet)
HPRegen  0.22/turn              C - ring of resist corrosion
MPRegen  0.11/turn              h - ring of protection from cold

@: mighty, berserk cooldown
A: horns 1, agile 1, electricity resistance
a: Berserk, Renounce Religion


You were on level 5 of the Dungeon.
You worshipped Trog.
Trog was aware of your devotion.
You were not hungry.

You visited 1 branch of the dungeon, and saw 5 of its levels.
You also visited: Sewer.

You collected 305 gold pieces.
You spent 200 gold pieces at shops.

Inventory:

Hand Weapons
 d - a +0 rapier (weapon)
Armour
 b - a +0 scale mail (worn)
 c - a +0 shield (worn)
Jewellery
 e - an uncursed ring of see invisible
 h - a ring of protection from cold (right hand)
 B - a -2 ring of dexterity
 C - a ring of resist corrosion (left hand)
Wands
 a - a wand of acid (8)
 u - a wand of random effects (19)
 w - a wand of disintegration (14)
Scrolls
 g - 2 scrolls of fog {unknown}
 i - 2 scrolls of identify
 j - a scroll of noise {unknown}
 l - a scroll of enchant armour {unknown}
 o - a scroll of enchant weapon {unknown}
 q - a scroll of immolation {unknown}
 r - 2 scrolls of blinking {unknown}
 s - 2 scrolls of teleportation {unknown}
 t - 4 scrolls of remove curse
 y - 2 scrolls of fear {unknown}
Potions
 k - a potion of resistance {unknown}
 m - a potion of agility {unknown}
 n - a potion of cancellation {unknown}
 p - a potion of flight {unknown}
 v - a potion of berserk rage {unknown}
 z - 2 potions of lignification {unknown}
Comestibles
 f - 8 rations


   Skills:
 + Level 7.4 Fighting
 * Level 7.9 Short Blades
 + Level 6.8 Armour
 - Level 3.5 Shields


You had 7 spell levels left.
You didn't know any spells.

Dungeon Overview and Level Annotations

Branches:
Dungeon (5/15)
 Temple: D:4-7

Altars:
Ashenzari
Elyvilon
Gozag
Makhleb
Ru
Trog

Shops:
D:5 *


Innate Abilities, Weirdness & Mutations

You have a pair of small horns on your head.
You are agile. (Dex +2)
You are resistant to electric shocks. (rElec)


Message History

* * * LOW HITPOINT WARNING * * *
Okay, then.
Okay, then.
You puncture the gnoll!
You kill the gnoll!
Trog accepts your kill.
You feel yourself speed up. You block the shadow imp's attack.
You are too injured to fight recklessly!
You are too injured to fight recklessly!
Your shield and scale mail prevent you from hitting the shadow imp.
The shadow imp hits you but does no damage.
You closely miss the shadow imp. Your headbutt misses the shadow imp.
You block the shadow imp's attack.
You closely miss the shadow imp. The shadow imp hits you.
* * * LOW HITPOINT WARNING * * *
You hit the shadow imp.
The shadow imp is moderately wounded.
The shadow imp hits you.
You die...

###.###.####.....#****,*,**** *
#.....#..........#,,,,,,,,,,, *
#.#)#.######........,*,,,,,** *
#.#)#.# ##'.###...,**,*,,,, *
#.#)#.# ##...#⌠...'**,⌠*,,** *
#.....# ##..........,,,,*,,,, *
##..#####...#.#.....,,,*****,
#####...####...#.).#....,,,*,,,*,
...........'..)'@).'..._,,,+,,,*,
#####....###...#.5.#....,,,*,,,,,
* #.......##..#####,,,.,,,,****,
* #.......###...,*,,,,,,,,,*,,,,
* #.......# ##...#⌠,**+**,⌠,,,**
###...### *#+.#,**,,,****,**
#...# *,...,*,,,*,,,,* ##.##
*,*#.,*,,,*,,,** #.#
**,***,***,*,,,*


You could see a shadow imp.

Vanquished Creatures
  The ghost of ultrashaft the Chopper, an amateur DsGl (D:4)
  Eustachio (D:4)
  Edmund (D:4)
  An ice beast (D:5)
  A phantom (D:4)
  A centaur (D:5)
  The ghost of DunwichHorror the Cudgeler, an amateur GrGl of Wu Jian (D:3)
  A big kobold (D:4)
  A bullfrog (Sewer)
  A scorpion (D:4)
  A crimson imp (D:5)
  A jelly (D:5)
  A bullfrog skeleton (D:5)
  2 hounds
  2 worker ants (D:4)
  2 orc wizards (D:5)
  2 hound skeletons (D:5)
  7 gnolls
  5 adders
  A shadow imp (D:5)
  9 oozes (Sewer)
  5 worms
  2 dart slugs
  20 leopard geckos
  16 orcs
  11 bats
  16 giant cockroaches
  7 hobgoblins
  8 jackals
  2 quokkas (D:2)
  9 ball pythons
  15 frilled lizards
  10 goblins
  10 kobolds
  A leopard gecko zombie (D:4)
  12 rats
187 creatures vanquished.

Notes
Turn   | Place    | Note
-------+----------+-------------------------------------------
     0 | D:1      | Cattac the Hill Orc Fighter began the quest for the Orb.
     0 | D:1      | Reached XP level 1. HP: 19/19 MP: 1/1
    73 | D:1      | Reached XP level 2. HP: 19/27 MP: 2/2
   198 | D:1      | Reached XP level 3. HP: 27/33 MP: 3/3
   717 | D:2      | Reached XP level 4. HP: 41/41 MP: 4/4
  1239 | D:2      | Reached XP level 5. HP: 40/47 MP: 5/5
  1543 | D:3      | Noticed DunwichHorror's ghost (amateur GrGl)
  1557 | D:3      | Killed DunwichHorror's ghost
  1769 | D:3      | Found a glowing drain.
  1791 | Sewer    | Entered a sewer
  1853 | Sewer    | Reached XP level 6. HP: 55/55 MP: 6/6
  1854 | Sewer    | Reached skill level 5 in Fighting
  1968 | Sewer    | Gained mutation: Your system is resistant to poisons. (rPois) [potion of mutation]
  1968 | Sewer    | Gained mutation: You are clumsy. (Dex -2) [potion of mutation]
  1968 | Sewer    | Gained mutation: You have sharp toenails. [potion of mutation]
  1968 | Sewer    | Gained mutation: You are resistant to hostile enchantments. (MR+) [potion of mutation]
  2262 | Sewer    | Reached skill level 5 in Short Blades
  2565 | D:3      | Lost mutation: Your system is resistant to poisons. (rPois) [potion of mutation]
  2565 | D:3      | Lost mutation: You are resistant to hostile enchantments. (MR+) [potion of mutation]
  2565 | D:3      | Gained mutation: Your spells are a little harder to cast, but a little more powerful. [potion of mutation]
  2565 | D:3      | Gained mutation: You are resistant to electric shocks. (rElec) [potion of mutation]
  2566 | D:3      | Lost mutation: Your spells are a little harder to cast, but a little more powerful. [potion of mutation]
  2566 | D:3      | Lost mutation: You have sharp toenails. [potion of mutation]
  2566 | D:3      | Lost mutation: You are clumsy. (Dex -2) [potion of mutation]
  2566 | D:3      | Gained mutation: You are agile. (Dex +2) [potion of mutation]
  2566 | D:3      | Gained mutation: You have a pair of small horns on your head. [potion of mutation]
  2626 | D:3      | Found a bloodstained altar of Trog.
  2657 | D:3      | Became a worshipper of Trog the Wrathful
  2682 | D:3      | Found a white marble altar of Elyvilon.
  2906 | D:4      | Reached skill level 5 in Armour
  2906 | D:4      | Reached XP level 7. HP: 61/61 MP: 7/7
  2937 | D:4      | Noticed ultrashaft's ghost (amateur DsGl)
  2954 | D:4      | Killed ultrashaft's ghost
  3058 | D:4      | Noticed Eustachio
  3074 | D:4      | Killed Eustachio
  3122 | D:4      | Noticed Edmund
  3140 | D:4      | Killed Edmund
  3140 | D:4      | Reached XP level 8. HP: 32/71 MP: 8/8
  3442 | D:4      | Found an opulent altar of Gozag.
  3732 | D:5      | Entered Level 5 of the Dungeon
  3732 | D:5      | Found Yxuhu's Gadget Shop.
  4076 | D:5      | Found Lim Ibby's Assorted Antiques.
  4084 | D:5      | Bought a tubular marble ring for 100 gold pieces
  4084 | D:5      | Bought a notched diamond ring for 100 gold pieces
  4122 | D:5      | Reached * piety under Trog
  4173 | D:5      | Found a sacrificial altar of Ru.
  4199 | D:5      | Found a burning altar of Makhleb.
  4478 | D:5      | Found a shattered altar of Ashenzari.
  4495 | D:5      | Slain by a shadow imp

Vault maps used:
D:1:      dpeg_arrival_rooms_with_view
D:3:      marbit_many_paths, lemuel_crystal_altar, first_ration,
          portal_sewer_entry_f
D:4:      kennysheep_mini_moat, uniq_eustachio, uniq_edmund
D:5:      evilmike_ruin_ashenzari, minitemple, basic_altar, serial_shops, shop,
          nicolae_shop_trees, nicolae_shop_stone, shop, nicolae_shop_statue_plus
Sewer:    sewer_frog_island_02

Skill      XL: |  1  2  3  4  5  6  7  8 |
---------------+-------------------------+-----
Fighting       | 4 5 6 7 |  7.4
Short Blades   | 3 4 5 6 7 |  7.9
Armour         | 4 5 6 |  6.8
Shields        | |  3.5

Action                   |  1- 3 |  4- 6 |  7- 9 || total
-------------------------+-------+-------+-------++-------
Melee: Rapier            |   111 |   354 |   187 ||   652
       Kick              |       |    17 |       ||    17
       Headbutt          |       |     5 |    43 ||    48
Invok: Berserk           |       |       |     1 ||     1
Evoke: Wand              |       |       |     1 ||     1
  Use: Potion            |       |     6 |     3 ||     9
       Scroll            |       |     4 |     5 ||     9
  Eat: Chunk             |       |     5 |     5 ||    10
       Ration            |       |     1 |       ||     1
Armor: Scale mail        |    59 |   136 |    55 ||   250
Dodge: Dodged            |    49 |    92 |    43 ||   184
Block: Shield            |    60 |   189 |    82 ||   331

Table legend:
 A = Spawn XP
 B = Non-spawn XP
 C = Spawn XP percentage of total XP
 D = Spawn monster count
 E = Non-spawn monster count
 F = Spawn count percentage of total count
 G = Total turns spent on level
                    A         B        C        D         E        F      G
               +---------+---------+-------+---------+---------+-------+---------
         Total |       0 |    2279 |   0.0 |       0 |     187 |   0.0 |  4495
               +---------+---------+-------+---------+---------+-------+---------
           D:1 |       0 |      64 |   0.0 |       0 |      30 |   0.0 |   447
           D:2 |       0 |     103 |   0.0 |       0 |      31 |   0.0 |   960
           D:3 |       0 |     168 |   0.0 |       0 |      31 |   0.0 |   950
           D:4 |       0 |    1042 |   0.0 |       0 |      19 |   0.0 |   860
           D:5 |       0 |     658 |   0.0 |       0 |      26 |   0.0 |   763
         Sewer |       0 |     244 |   0.0 |       0 |      50 |   0.0 |   515
               +---------+---------+-------+---------+---------+-------+---------
